[Event "Vienna Championship-C 2022"]
[Site "Vienna"]
[Date "2022.09.22"]
[Round "6.7"]
[White "Roehrbacher, Franz"]
[Black "Nicolussi, Hieronymus"]
[Result "0-1"]
[ECO "C01"]
[WhiteElo "1673"]
[BlackElo "1239"]
[Annotator "NA RC COMBH"]
[PlyCount "62"]
[EventDate "2022.09.17"]
[EventType "swiss"]
[EventCountry "AUT"]
[SourceTitle "playchess.com"]
[Source "ChessBase"]
[SourceQuality "1"]
[TimeControl "5400+30"]

1. e4 e6 2. d4 d5 3. exd5 exd5 4. Nc3 Nf6 5. Be2 Bd6 6. Nf3 Bf5 7. O-O O-O 8. Re1 c6 9. h3 Nbd7 10. Bf1 Qc7 11. Bg5 Rfe8 12. Nh4 Rxe1 13. Qxe1 Bxc2 14. Qd2 Bg6 15. Nxg6 fxg6 16. Re1 h6 17. Bxh6 gxh6 18. Qxh6 Kf7 19. Bd3 Rg8 20. Ne2 Nh5 21. Bxg6+ Rxg6 22. Qxh5 Nf6 23. Qf5 Qd7 24. Qf3 Qe6 25. Kf1 Qe4 26. Ng1 Qxd4 27. Qf5 Qc4+ 28. Re2 d4 29. Nf3 d3 30. Ng5+ Kg7 31. Ne6+ Kh6 0-1

[Event "Vienna Championship-C 2022"]
[Site "Vienna"]
[Date "2022.09.22"]
[Round "6.8"]
[White "Zikic, Goran"]
[Black "Bendl, Felix"]
[Result "0-1"]
[ECO "A03"]
[WhiteElo "1340"]
[BlackElo "1645"]
[Annotator "NA COMBH"]
[PlyCount "88"]
[EventDate "2022.09.17"]
[EventType "swiss"]
[EventCountry "AUT"]
[SourceTitle "playchess.com"]
[Source "ChessBase"]
[SourceQuality "1"]
[TimeControl "5400+30"]

1. f4 d5 2. Nf3 Nf6 3. e3 Nc6 4. b3 g6 5. Bb2 Bg7 6. Be2 Bf5 7. a3 a5 8. O-O O-O 9. Nh4 Qd7 10. h3 h5 11. Kh1 Bxh3 12. f5 Bxf5 13. Nxf5 gxf5 14. Bxh5 Nxh5 15. Qxh5 Bxb2 16. Nc3 Bxc3 17. Rxf5 Qxf5 18. Qxf5 Bxa1 19. c3 Rfd8 20. Qb1 Bxc3 21. dxc3 e6 22. Qe1 Kf8 23. Qg3 Rac8 24. Qf4 Ke7 25. b4 axb4 26. cxb4 Rh8+ 27. Kg1 b5 28. Qg5+ Kd7 29. Qf6 Rcf8 30. Qf1 Na7 31. Qf2 c6 32. e4 Nc8 33. exd5 exd5 34. Qf5+ Kc7 35. Qe5+ Kb7 36. Qf6 Rhg8 37. Qf5 Rg6 38. Qf1 Rfg8 39. Qxf7+ Ka6 40. Qf1 Rxg2+ 41. Kh1 Rg1+ 42. Qxg1 Rxg1+ 43. Kxg1 Nd6 44. Kf2 Nc4 0-1

[Event "Vienna Championship-C 2022"]
[Site "Vienna"]
[Date "2022.09.22"]
[Round "6.9"]
[White "Gaspar, Zdravko"]
[Black "Ruck, Helmut"]
[Result "1/2-1/2"]
[ECO "D02"]
[WhiteElo "1538"]
[BlackElo "1662"]
[Annotator "NA RC COMBH"]
[PlyCount "139"]
[EventDate "2022.09.17"]
[EventType "swiss"]
[EventCountry "AUT"]
[SourceTitle "playchess.com"]
[Source "ChessBase"]
[SourceQuality "1"]
[TimeControl "5400+30"]

1. d4 d5 2. Nf3 Bf5 3. c3 e6 4. Nbd2 Nf6 5. e3 Be7 6. Be2 O-O 7. O-O Ne4 8. Nxe4 Bxe4 9. b3 Nd7 10. Bb2 a6 11. Rc1 Rc8 12. c4 c6 13. Qd2 Bd6 14. a3 h6 15. Rfd1 Nf6 16. Ne1 Bg6 17. b4 Ne4 18. Qc2 Nxf2 19. Qb3 Nxd1 20. Rxd1 Be4 21. Nf3 f5 22. c5 Bc7 23. Qc3 g5 24. Nd2 Rf7 25. Nf3 g4 26. Ne5 Bxe5 27. dxe5 Qg5 28. Rf1 Rcf8 29. Rf4 h5 30. Qe1 Kg7 31. Bc3 Kg6 32. Qf2 Rh8 33. Kf1 Rhh7 34. Ke1 Qe7 35. Kd1 h4 36. Qf1 Kg7 37. Kd2 Kf8 38. Bb2 Qc7 39. Bd4 Qb8 40. a4 Qa7 41. Kc3 Ke8 42. Kb3 Ke7 43. Ka3 Kf8 44. Kb3 h3 45. g3 Rhg7 46. Qe1 Ke8 47. Qf2 Ke7 48. Kc3 a5 49. b5 cxb5 50. Bxb5 Qb8 51. Qb2 Kf8 52. Kb3 Kg8 53. Ka3 Kh7 54. Qc3 Qa8 55. Qe1 Rg8 56. Qc1 Qd8 57. Rf2 Qc7 58. Rb2 b6 59. c6 Rb8 60. Rb3 Kg6 61. Qb2 Bf3 62. Bc3 Rff8 63. Bd4 Rfe8 64. Qc3 Be4 65. Kb2 Bf3 66. Qc1 Rec8 67. Qa1 Be4 68. Qa3 Kf7 69. Qd6 Bf3 70. Qa3 1/2-1/2

[Event "Vienna Championship-C 2022"]
[Site "Vienna"]
[Date "2022.09.22"]
[Round "6.10"]
[White "Schreib, Christian"]
[Black "Johnson, Roland E S"]
[Result "1/2-1/2"]
[ECO "C42"]
[WhiteElo "1589"]
[BlackElo "1691"]
[Annotator "NA RC COMBH"]
[PlyCount "92"]
[EventDate "2022.09.17"]
[EventType "swiss"]
[EventCountry "AUT"]
[SourceTitle "playchess.com"]
[Source "ChessBase"]
[SourceQuality "1"]
[TimeControl "5400+30"]

1. e4 e5 2. Nf3 Nf6 3. Nxe5 Qe7 4. d4 d6 5. Nf3 Qxe4+ 6. Be2 Be7 7. Nc3 Qe6 8. d5 Qd7 9. O-O O-O 10. Re1 b6 11. Bb5 Qd8 12. Qe2 a6 13. Qxe7 Qxe7 14. Rxe7 axb5 15. Bg5 Nbd7 16. Bxf6 Nxf6 17. b4 Bb7 18. Rxc7 Bxd5 19. Nxd5 Nxd5 20. Rd7 Nxb4 21. Rxd6 Nxc2 22. Rc1 Rxa2 23. Rd2 Nb4 24. Rd6 h6 25. h3 Rb8 26. Rc7 Rc2 27. Re7 Rc6 28. Rdd7 Rf8 29. Ne5 Rf6 30. Rb7 Nc6 31. Nd7 Nxe7 32. Nxf6+ gxf6 33. Rxe7 Rb8 34. Re4 Kg7 35. Rb4 Kg6 36. Rxb5 f5 37. g3 h5 38. h4 Kf6 39. Kg2 Ke6 40. Kf3 f6 41. Kf4 Rb7 42. f3 Rb8 43. g4 fxg4 44. fxg4 hxg4 45. Kxg4 Kf7 46. Kf5 Kg7 1/2-1/2

[Event "Vienna Championship-C 2022"]
[Site "Vienna"]
[Date "2022.09.22"]
[Round "6.11"]
[White "Aichinger, Johannes"]
[Black "Mair, Josef"]
[Result "0-1"]
[ECO "C57"]
[WhiteElo "1169"]
[BlackElo "1620"]
[Annotator "NA RC COMBH"]
[PlyCount "49"]
[EventDate "2022.09.17"]
[EventType "swiss"]
[EventCountry "AUT"]
[SourceTitle "playchess.com"]
[Source "ChessBase"]
[SourceQuality "1"]
[TimeControl "5400+30"]

1. e4 e5 2. Nf3 Nc6 3. Bc4 Nf6 4. Ng5 d5 5. exd5 Nxd5 6. Nxf7 Kxf7 7. Qf3+ Ke6 8. Nc3 Ncb4 9. a3 Nxc2+ 10. Kd1 Nxa1 11. Bxd5+ Kd7 12. Qf5+ Kd6 13. Qf7 Qe7 14. Qh5 c6 15. d4 cxd5 16. dxe5+ Kc7 17. Nxd5+ Kc6 18. Nxe7+ Bxe7 19. Qf3+ Kc7 20. Bf4 Be6 21. Ke2 Bc4+ 22. Kd2 Nb3+ 23. Kc2 Nd4+ 24. Kd2 Nxf3+ 25. gxf3 0-1

[Event "Vienna Championship-C 2022"]
[Site "Vienna"]
[Date "2022.09.22"]
[Round "6.12"]
[White "Gockner, Hans"]
[Black "Niesswohl, Werner"]
[Result "1/2-1/2"]
[ECO "C44"]
[WhiteElo "1592"]
[BlackElo "1473"]
[Annotator "NA RC COMBH"]
[PlyCount "66"]
[EventDate "2022.09.17"]
[EventType "swiss"]
[EventCountry "AUT"]
[SourceTitle "playchess.com"]
[Source "ChessBase"]
[SourceQuality "1"]
[TimeControl "5400+30"]

1. e4 e5 2. d4 exd4 3. c3 dxc3 4. Nxc3 Nc6 5. Bc4 Nf6 6. Nf3 Bb4 7. e5 Bxc3+ 8. bxc3 d5 9. Bb3 Ne4 10. Bb2 Be6 11. O-O O-O 12. Qe2 Na5 13. Bc2 Nc4 14. Bb3 Nxb2 15. Qxb2 c5 16. Rad1 Qa5 17. Rc1 c4 18. Bd1 Nc5 19. Qc2 g6 20. Nd4 Bd7 21. Qb1 Rab8 22. Bc2 Qxc3 23. Bxg6 Qxd4 24. Bxh7+ Kh8 25. Rfe1 Nd3 26. Bxd3 cxd3 27. Rcd1 d2 28. Re2 Rg8 29. Rdxd2 Qg4 30. f4 Bf5 31. Qb2 Be6 32. Rf2 Qf5 33. Rf3 Rg7 1/2-1/2

[Event "Vienna Championship-C 2022"]
[Site "Vienna"]
[Date "2022.09.23"]
[Round "7.3"]
[White "Gerold, Arnold"]
[Black "Brueggeboes, Anton"]
[Result "1/2-1/2"]
[ECO "B32"]
[WhiteElo "1708"]
[BlackElo "1506"]
[Annotator "NA RC COMBH"]
[PlyCount "59"]
[EventDate "2022.09.17"]
[EventType "swiss"]
[EventCountry "AUT"]
[SourceTitle "playchess.com"]
[Source "ChessBase"]
[SourceQuality "1"]
[TimeControl "5400+30"]

1. e4 c5 2. Nf3 Nc6 3. d4 cxd4 4. Nxd4 e5 5. Nb5 d6 6. N1c3 a6 7. Na3 Be7 8. Nd5 Nf6 9. Bd3 Nxd5 10. exd5 Qa5+ 11. c3 Qxd5 12. f3 Be6 13. Qe2 Qa5 14. Nc2 O-O 15. Be3 Rac8 16. Qf2 Qc7 17. Bb6 Qd7 18. Ne3 d5 19. Rd1 Qe8 20. Nf5 d4 21. cxd4 Bb4+ 22. Kf1 Qd7 23. g4 exd4 24. Bb1 Qd5 25. Kg2 Qb5 26. Qh4 Bxf5 27. Bxf5 Qe2+ 28. Qf2 Qxf2+ 29. Kxf2 Rce8 30. Bd7 1/2-1/2

[Event "Vienna Championship-C 2022"]
[Site "Vienna"]
[Date "2022.09.23"]
[Round "7.4"]
[White "Nicolussi, Hieronymus"]
[Black "Geyer, Guenter"]
[Result "1/2-1/2"]
[ECO "D00"]
[WhiteElo "1239"]
[BlackElo "1855"]
[Annotator "NA RC COMBH"]
[PlyCount "68"]
[EventDate "2022.09.17"]
[EventType "swiss"]
[EventCountry "AUT"]
[SourceTitle "playchess.com"]
[Source "ChessBase"]
[SourceQuality "1"]
[TimeControl "5400+30"]

1. d4 Nc6 2. e3 d5 3. Bd3 Nf6 4. f4 Bg4 5. Nf3 Nb4 6. Nbd2 Nxd3+ 7. cxd3 Bf5 8. Ne5 c6 9. g4 Bc8 10. g5 Nd7 11. e4 Nxe5 12. dxe5 e6 13. Rg1 Qb6 14. Rg3 Bd7 15. Nb3 d4 16. Qc2 Rc8 17. Qc4 c5 18. a4 Qc7 19. Bd2 a6 20. Rc1 Qc6 21. a5 Qa4 22. Qxa4 Bxa4 23. Nxd4 Rd8 24. Ne2 Be7 25. Be3 c4 26. dxc4 O-O 27. Nc3 Bb4 28. Kf2 Bc6 29. Kf3 Bxa5 30. Ne2 Rd3 31. Nc3 Rfd8 32. Nd5 exd5 33. exd5 Bxd5+ 34. cxd5 R3xd5 1/2-1/2

[Event "Vienna Championship-C 2022"]
[Site "Vienna"]
[Date "2022.09.23"]
[Round "7.7"]
[White "Ganahl, Herbert"]
[Black "Brunner, Felix"]
[Result "0-1"]
[ECO "E61"]
[WhiteElo "1488"]
[BlackElo "1541"]
[Annotator "NA RC COMBH"]
[PlyCount "56"]
[EventDate "2022.09.17"]
[EventType "swiss"]
[EventCountry "AUT"]
[SourceTitle "playchess.com"]
[Source "ChessBase"]
[SourceQuality "1"]
[TimeControl "5400+30"]

1. Nf3 Nf6 2. c4 g6 3. Nc3 Bg7 4. g3 O-O 5. d4 d5 6. cxd5 Nxd5 7. e4 Nxc3 8. bxc3 c5 9. Bb2 Qa5 10. e5 cxd4 11. Qxd4 Nc6 12. Qe3 Nxe5 13. Nxe5 Bxe5 14. Bg2 Be6 15. O-O Rac8 16. Rfc1 Rc7 17. a4 Rfc8 18. Ra3 b6 19. Bf3 Bf6 20. Rd1 Bxc3 21. Bxc3 Rxc3 22. Rxc3 Qxc3 23. Qxc3 Rxc3 24. Rd8+ Kg7 25. Kg2 Kf6 26. Be2 Bc4 27. Rd2 Bxe2 28. Rxe2 Ra3 0-1

[Event "Vienna Championship-C 2022"]
[Site "Vienna"]
[Date "2022.09.23"]
[Round "7.8"]
[White "Mair, Josef"]
[Black "Gaspar, Zdravko"]
[Result "0-1"]
[ECO "B17"]
[WhiteElo "1620"]
[BlackElo "1538"]
[Annotator "NA RC COMBH"]
[PlyCount "126"]
[EventDate "2022.09.17"]
[EventType "swiss"]
[EventCountry "AUT"]
[SourceTitle "playchess.com"]
[Source "ChessBase"]
[SourceQuality "1"]
[TimeControl "5400+30"]

1. e4 c6 2. d4 d5 3. Nc3 dxe4 4. Nxe4 Nd7 5. Nf3 Ngf6 6. Ng3 e6 7. Bd3 Be7 8. O-O Qc7 9. Re1 b6 10. c4 O-O 11. h3 Bb7 12. Be3 Rad8 13. Rc1 Qb8 14. Qd2 Rfe8 15. Bf4 Bd6 16. Bxd6 Qxd6 17. Rcd1 Nf8 18. Qg5 h6 19. Qc1 Qb8 20. Ne5 Re7 21. Qe3 Rc7 22. f4 c5 23. dxc5 Rxc5 24. Ne4 Nxe4 25. Bxe4 Bxe4 26. Qxe4 Qc7 27. b3 b5 28. cxb5 Rxb5 29. Qc6 Qxc6 30. Nxc6 Ra8 31. Re5 Rb6 32. Nd4 Rd8 33. Kf2 Rbd6 34. Ke3 Ng6 35. Ra5 a6 36. g3 f6 37. f5 exf5 38. Rxf5 Ne5 39. Rf2 Re8 40. Kf4 Kf7 41. Rfd2 Ng6+ 42. Kf3 Ne5+ 43. Kf4 Ng6+ 44. Kf3 Re5 45. Ne2 Rde6 46. Rd7+ Kg8 47. R1d2 Re3+ 48. Kf2 R3e4 49. R7d6 Rxe2+ 50. Kf3 R6e3+ 51. Kg4 Ne5+ 52. Kf5 Kh7 53. Rxe2 Rxe2 54. Rxa6 Rf2+ 55. Ke4 Rf3 56. b4 Rxg3 57. b5 Rc3 58. a4 Rxh3 59. b6 Rb3 60. a5 Rb5 61. Ra7 Nc6 62. Rc7 Nxa5 63. Ra7 Kg6 0-1

[Event "Vienna Championship-C 2022"]
[Site "Vienna"]
[Date "2022.09.23"]
[Round "7.10"]
[White "Johnson, Roland E S"]
[Black "Roehrbacher, Franz"]
[Result "1/2-1/2"]
[ECO "C50"]
[WhiteElo "1691"]
[BlackElo "1673"]
[Annotator "NA RC COMBH"]
[PlyCount "67"]
[EventDate "2022.09.17"]
[EventType "swiss"]
[EventCountry "AUT"]
[SourceTitle "playchess.com"]
[Source "ChessBase"]
[SourceQuality "1"]
[TimeControl "5400+30"]

1. e4 e5 2. Nf3 Nc6 3. Bc4 Bc5 4. O-O Nf6 5. Nc3 d6 6. h3 a6 7. d3 h6 8. Be3 Ba7 9. Bxa7 Rxa7 10. d4 exd4 11. Nxd4 Nxd4 12. Qxd4 c5 13. Qe3 b5 14. Be2 Re7 15. f3 Bb7 16. Qd2 O-O 17. Rfd1 Rd7 18. Qf4 d5 19. exd5 Nxd5 20. Nxd5 Rxd5 21. Rxd5 Qxd5 22. b3 Qe6 23. Bd3 Rd8 24. Qc7 Qc8 25. Qxc8 Bxc8 26. Rd1 Kf8 27. Be2 Rxd1+ 28. Bxd1 Ke7 29. Kf2 Kd6 30. Ke3 Bf5 31. a3 Kd5 32. c3 a5 33. g4 Be6 34. Be2 1/2-1/2

[Event "Vienna Championship-C 2022"]
[Site "Vienna"]
[Date "2022.09.23"]
[Round "7.11"]
[White "Pavlov, Julian"]
[Black "Schreib, Christian"]
[Result "1-0"]
[ECO "C55"]
[WhiteElo "1306"]
[BlackElo "1589"]
[Annotator "NA RC COMBH"]
[PlyCount "107"]
[EventDate "2022.09.17"]
[EventType "swiss"]
[EventCountry "AUT"]
[SourceTitle "playchess.com"]
[Source "ChessBase"]
[SourceQuality "1"]
[TimeControl "5400+30"]

1. e4 e5 2. Nf3 Nc6 3. Bc4 Nf6 4. Nc3 Nxe4 5. Nxe4 d5 6. Bd3 dxe4 7. Bxe4 Bd7 8. O-O Bd6 9. d3 O-O 10. Bg5 Be7 11. Bxe7 Qxe7 12. h3 Rab8 13. Re1 f6 14. Bxc6 Bxc6 15. d4 Bxf3 16. Qxf3 Qb4 17. dxe5 fxe5 18. Qb3+ Qxb3 19. axb3 Rbd8 20. Rxa7 Rd2 21. c3 Rfxf2 22. Rxb7 Rxg2+ 23. Kh1 Rh2+ 24. Kg1 Rdg2+ 25. Kf1 Rxb2 26. Kg1 Rhg2+ 27. Kh1 Rgf2 28. Rxc7 Rxb3 29. c4 Rc2 30. c5 Rxh3+ 31. Kg1 Rg3+ 32. Kh1 Rc4 33. Re2 Rh4+ 34. Rh2 Rxh2+ 35. Kxh2 Rc3 36. c6 h5 37. Rc8+ Kf7 38. c7 g5 39. Rh8 Rxc7 40. Rh7+ Kf6 41. Rxc7 Kf5 42. Rc4 e4 43. Kg2 Kf4 44. Kf2 g4 45. Rc3 h4 46. Kg2 h3+ 47. Kf2 h2 48. Kg2 h1=Q+ 49. Kxh1 e3 50. Kg2 Ke4 51. Ra3 Kd4 52. Ra4+ Kd3 53. Rxg4 e2 54. Kf2 1-0

[Event "Vienna Championship-C 2022"]
[Site "Vienna"]
[Date "2022.09.23"]
[Round "7.13"]
[White "Gockner, Hans"]
[Black "Aichinger, Johannes"]
[Result "0-1"]
[ECO "C21"]
[WhiteElo "1592"]
[BlackElo "1169"]
[Annotator "NA RC COMBH"]
[PlyCount "106"]
[EventDate "2022.09.17"]
[EventType "swiss"]
[EventCountry "AUT"]
[SourceTitle "playchess.com"]
[Source "ChessBase"]
[SourceQuality "1"]
[TimeControl "5400+30"]

1. e4 e5 2. d4 exd4 3. c3 d5 4. e5 f6 5. cxd4 c5 6. Nf3 Nc6 7. Nc3 cxd4 8. Nxd4 Nxe5 9. Bb5+ Bd7 10. Ne6 Qb6 11. Nxd5 Nd3+ 12. Qxd3 Qxe6+ 13. Be3 Bd6 14. O-O Ne7 15. Bxd7+ Qxd7 16. Rfe1 Nxd5 17. Bf4+ Be7 18. Rad1 Rd8 19. Qf3 O-O 20. Qb3 Bb4 21. Rf1 Qf7 22. Rxd5 Qxd5 23. Qxb4 Qd4 24. Qb3+ Qd5 25. Qg3 Rfe8 26. h4 Qd3 27. f3 Qe2 28. h5 Rd1 29. Rxd1 Qxd1+ 30. Kh2 Re1 31. Qf2 Rf1 32. Qe3 Rh1+ 33. Kg3 Qe1+ 34. Qxe1 Rxe1 35. Bd2 Re2 36. Bc3 Kf7 37. f4 b5 38. Kf3 Rc2 39. a3 a5 40. Bxa5 Rxb2 41. Bb4 Ke6 42. g3 Kd5 43. Bf8 g6 44. hxg6 hxg6 45. Bg7 Ke6 46. Bf8 f5 47. Bb4 Kd5 48. Bf8 Kc4 49. Be7 Kb3 50. Bb4 Ra2 51. Ke3 Rxa3 52. Bxa3 Kxa3 53. Kd2 b4 0-1

[Event "Vienna Championship-C 2022"]
[Site "Vienna"]
[Date "2022.09.24"]
[Round "8.1"]
[White "Brunner, Felix"]
[Black "Brueggeboes, Anton"]
[Result "1-0"]
[ECO "B27"]
[WhiteElo "1541"]
[BlackElo "1506"]
[Annotator "NA RC COMBH"]
[PlyCount "53"]
[EventDate "2022.09.17"]
[EventType "swiss"]
[EventCountry "AUT"]
[SourceTitle "playchess.com"]
[Source "ChessBase"]
[SourceQuality "1"]
[TimeControl "5400+30"]

1. e4 c5 2. Nf3 Nc6 3. Bb5 g6 4. Bxc6 bxc6 5. d4 cxd4 6. Qxd4 Nf6 7. e5 Nd5 8. O-O Bg7 9. c4 Nc7 10. Nc3 O-O 11. Qh4 d5 12. Bh6 f6 13. Bxg7 Kxg7 14. exf6+ exf6 15. cxd5 cxd5 16. Rad1 Bb7 17. Nd4 Qd7 18. Rfe1 Rad8 19. Qg3 Kh8 20. h3 Qf7 21. Re2 Rd7 22. a3 Rfd8 23. Na4 Na6 24. Rde1 Rc8 25. b4 Rdd8 26. Re7 Qg8 27. Rxb7 1-0

[Event "Vienna Championship-C 2022"]
[Site "Vienna"]
[Date "2022.09.24"]
[Round "8.3"]
[White "Lappe, Manfred"]
[Black "Gerold, Arnold"]
[Result "1/2-1/2"]
[ECO "C27"]
[WhiteElo "1692"]
[BlackElo "1708"]
[Annotator "NA RC COMBH"]
[PlyCount "56"]
[EventDate "2022.09.17"]
[EventType "swiss"]
[EventCountry "AUT"]
[SourceTitle "playchess.com"]
[Source "ChessBase"]
[SourceQuality "1"]
[TimeControl "5400+30"]

1. e4 d6 2. Bc4 Nf6 3. Nc3 c6 4. d3 e5 5. Bg5 Be7 6. Nge2 b5 7. Bb3 a5 8. a3 Bg4 9. f3 Bh5 10. Ng3 Bg6 11. Qd2 Nbd7 12. O-O O-O 13. Nce2 h6 14. Be3 d5 15. exd5 cxd5 16. f4 d4 17. Bf2 exf4 18. Nxf4 Ne5 19. Rfe1 Nfg4 20. h3 Ne3 21. Bxe3 dxe3 22. Qxe3 Bf6 23. d4 Nc4 24. Qf3 Bxd4+ 25. Kh1 Qf6 26. Nxg6 Qxg6 27. Bxc4 bxc4 28. c3 Bf6 1/2-1/2

[Event "Vienna Championship-C 2022"]
[Site "Vienna"]
[Date "2022.09.24"]
[Round "8.4"]
[White "Geyer, Guenter"]
[Black "Meixner, Peter"]
[Result "0-1"]
[ECO "A03"]
[WhiteElo "1855"]
[BlackElo "1669"]
[Annotator "NA RC COMBH"]
[PlyCount "128"]
[EventDate "2022.09.17"]
[EventType "swiss"]
[EventCountry "AUT"]
[SourceTitle "playchess.com"]
[Source "ChessBase"]
[SourceQuality "1"]
[TimeControl "5400+30"]

1. f4 d5 2. Nf3 Nf6 3. b3 e6 4. e3 Be7 5. Bb2 O-O 6. Ne5 Nbd7 7. d3 Nxe5 8. Bxe5 Bd6 9. Bb2 Re8 10. d4 Ne4 11. g3 f5 12. Nd2 Bb4 13. c3 Nxc3 14. Bxc3 Bxc3 15. Rc1 Bb4 16. Be2 Bd7 17. O-O Rf8 18. Nf3 Bd6 19. Kh1 Be8 20. Ng5 Qf6 21. g4 Bg6 22. Nh3 fxg4 23. Bxg4 Be4+ 24. Bf3 Qf5 25. Nf2 Bxf3+ 26. Qxf3 Kh8 27. Rg1 g5 28. Qg3 Rg8 29. Qh3 Qxh3 30. Nxh3 gxf4 31. Nxf4 Rxg1+ 32. Kxg1 Bxf4 33. exf4 c6 34. Kf2 Kg7 35. Rg1+ Kf7 36. Rg5 a5 37. Rh5 Kg6 38. Re5 Kf6 39. Rh5 Rh8 40. Kf3 h6 41. Ke3 b6 42. Kd3 c5 43. a4 Ke7 44. Kc3 cxd4+ 45. Kxd4 Kd6 46. Kd3 Kc5 47. Kc3 Kd6 48. Kd3 Rf8 49. Rxh6 Rxf4 50. Rh8 Rf3+ 51. Kc2 Kc5 52. Rh5 Re3 53. Rh4 e5 54. Rh6 d4 55. h4 Rc3+ 56. Kb2 Rh3 57. Rh5 Rh2+ 58. Kc1 Kd5 59. Rh6 Kc5 60. Rh5 Re2 61. Rg5 Kb4 62. Kd1 d3 63. h5 Kc3 64. h6 Rh2 0-1

[Event "Vienna Championship-C 2022"]
[Site "Vienna"]
[Date "2022.09.24"]
[Round "8.8"]
[White "Roehrbacher, Franz"]
[Black "Ruck, Helmut"]
[Result "1/2-1/2"]
[ECO "B02"]
[WhiteElo "1673"]
[BlackElo "1662"]
[Annotator "NA RC COMBH"]
[PlyCount "108"]
[EventDate "2022.09.17"]
[EventType "swiss"]
[EventCountry "AUT"]
[SourceTitle "playchess.com"]
[Source "ChessBase"]
[SourceQuality "1"]
[TimeControl "5400+30"]

1. e4 Nf6 2. Nc3 d5 3. exd5 Nxd5 4. Bc4 Nb6 5. Bb3 Nc6 6. a4 a5 7. Nf3 Bf5 8. O-O e6 9. h3 Be7 10. d3 O-O 11. Bd2 h6 12. Re1 Bf6 13. Rb1 Nd4 14. Ba2 c6 15. Ne4 Nxf3+ 16. Qxf3 Bxe4 17. Rxe4 Nd5 18. c3 Bg5 19. Rd1 Bxd2 20. Rxd2 Qg5 21. Rde2 Qd8 22. d4 b5 23. axb5 cxb5 24. Bb1 Qc7 25. Re1 b4 26. Qd3 Nf6 27. R4e3 bxc3 28. Rf3 cxb2 29. Rxf6 g6 30. Qd2 Kg7 31. Rf3 Rab8 32. Ra3 Rfc8 33. Ra2 Qb6 34. Rxa5 Rc1 35. Rc5 Rxc5 36. dxc5 Qxc5 37. Rd1 Qc7 38. g3 h5 39. h4 Kg8 40. Kf1 Qc6 41. Kg1 Qb6 42. Qd4 Qa5 43. Qd6 Qb5 44. Bxg6 fxg6 45. Qxe6+ Kg7 46. Qe7+ Kg8 47. Qe6+ Kg7 48. Rd7+ Qxd7 49. Qxd7+ Kg8 50. Qd5+ Kh7 51. Qf7+ Kh8 52. Qf6+ Kh7 53. Qe7+ Kg8 54. Qe6+ Kh7 1/2-1/2

[Event "Vienna Championship-C 2022"]
[Site "Vienna"]
[Date "2022.09.24"]
[Round "8.9"]
[White "Zikic, Goran"]
[Black "Johnson, Roland E S"]
[Result "0-1"]
[ECO "A02"]
[WhiteElo "1340"]
[BlackElo "1691"]
[Annotator "NA RC COMBH"]
[PlyCount "60"]
[EventDate "2022.09.17"]
[EventType "swiss"]
[EventCountry "AUT"]
[SourceTitle "playchess.com"]
[Source "ChessBase"]
[SourceQuality "1"]
[TimeControl "5400+30"]

1. f4 e5 2. e3 exf4 3. exf4 Nf6 4. Bc4 Bd6 5. d3 O-O 6. Be3 Re8 7. Qf3 Nc6 8. c3 Bc5 9. d4 Nxd4 10. cxd4 Bxd4 11. Nc3 Rxe3+ 12. Qxe3 Bxe3 13. Nf3 Qe7 14. Kf1 Ne4 15. Nd5 Qd8 16. Nxe3 c6 17. Rd1 d5 18. Bb3 Qb6 19. Re1 d4 20. Nc4 Qa6 21. Rxe4 Be6 22. Rxd4 c5 23. Rd6 Bxc4+ 24. Bxc4 Qxd6 25. Ke1 Re8+ 26. Ne5 Kf8 27. Kf2 f6 28. Nd3 Qd4+ 29. Kg3 Qxc4 30. Rd1 Re3+ 0-1

[Event "Vienna Championship-C 2022"]
[Site "Vienna"]
[Date "2022.09.24"]
[Round "8.10"]
[White "Schreib, Christian"]
[Black "Ganahl, Herbert"]
[Result "1/2-1/2"]
[ECO "B51"]
[WhiteElo "1589"]
[BlackElo "1488"]
[Annotator "NA RC COMBH"]
[PlyCount "72"]
[EventDate "2022.09.17"]
[EventType "swiss"]
[EventCountry "AUT"]
[SourceTitle "playchess.com"]
[Source "ChessBase"]
[SourceQuality "1"]
[TimeControl "5400+30"]

1. e4 c5 2. Nf3 d6 3. Bb5+ Nc6 4. O-O e5 5. c3 Nf6 6. Re1 a6 7. Bxc6+ bxc6 8. d4 cxd4 9. cxd4 exd4 10. e5 dxe5 11. Nxe5 Be6 12. Nxc6 Qd5 13. Nxd4 Rd8 14. Nxe6 fxe6 15. Qxd5 Rxd5 16. Rxe6+ Kf7 17. Re1 Bc5 18. Nc3 Rd7 19. Be3 Bb4 20. Red1 Rc7 21. Nd5 Nxd5 22. Rxd5 Re8 23. a3 Bf8 24. b4 Rec8 25. Rad1 Ke6 26. g3 Rc3 27. R1d3 Rxa3 28. Rxa3 Kxd5 29. Rxa6 Bxb4 30. Ra7 Bc3 31. Kg2 Ke6 32. h4 h6 33. Rb7 Be5 34. Kf3 Rc4 35. Kg2 Bf6 36. Kf3 Be7 1/2-1/2

[Event "Vienna Championship-C 2022"]
[Site "Vienna"]
[Date "2022.09.24"]
[Round "8.11"]
[White "Aichinger, Johannes"]
[Black "Pavlov, Julian"]
[Result "1-0"]
[ECO "C51"]
[WhiteElo "1169"]
[BlackElo "1306"]
[Annotator "NA RC COMBH"]
[PlyCount "97"]
[EventDate "2022.09.17"]
[EventType "swiss"]
[EventCountry "AUT"]
[SourceTitle "playchess.com"]
[Source "ChessBase"]
[SourceQuality "1"]
[TimeControl "5400+30"]

1. e4 e5 2. Nf3 Nc6 3. Bc4 Bc5 4. b4 Bxb4 5. c3 Be7 6. Qb3 Na5 7. Bxf7+ Kf8 8. Qa4 c6 9. Bxg8 Rxg8 10. Nxe5 b5 11. Qd1 d6 12. Qf3+ Bf6 13. Ng4 h5 14. Nxf6 gxf6 15. Qxh5 Qe7 16. d3 Bg4 17. Bh6+ Rg7 18. Qxg4 Kg8 19. Bxg7 Qxg7 20. Qxg7+ Kxg7 21. Nd2 Nb7 22. O-O Re8 23. f4 Nc5 24. d4 Na4 25. c4 bxc4 26. Nxc4 d5 27. exd5 cxd5 28. Nd6 Re6 29. Nf5+ Kg6 30. Ng3 Nc3 31. f5+ Kf7 32. fxe6+ Kxe6 33. Rfc1 Nb5 34. Re1+ Kf7 35. Nf5 Kg6 36. Rab1 Nc3 37. Rb3 Ne4 38. Rxe4 dxe4 39. Ng3 f5 40. Rb5 e3 41. Rxf5 e2 42. Re5 e1=Q+ 43. Rxe1 a5 44. d5 a4 45. d6 a3 46. d7 Kf7 47. d8=Q Kg6 48. Qe7 Kh6 49. Re6# 1-0

[Event "Vienna Championship-C 2022"]
[Site "Vienna"]
[Date "2022.09.24"]
[Round "8.12"]
[White "Mair, Josef"]
[Black "Gockner, Hans"]
[Result "0-1"]
[ECO "B50"]
[WhiteElo "1620"]
[BlackElo "1592"]
[Annotator "NA RC COMBH"]
[PlyCount "50"]
[EventDate "2022.09.17"]
[EventType "swiss"]
[EventCountry "AUT"]
[SourceTitle "playchess.com"]
[Source "ChessBase"]
[SourceQuality "1"]
[TimeControl "5400+30"]

1. e4 c5 2. Nf3 Nc6 3. Bc4 d6 4. O-O Bg4 5. h3 Bh5 6. g4 Bg6 7. Nc3 Nf6 8. Re1 e5 9. d3 Qd7 10. Nd5 O-O-O 11. a3 Nxg4 12. hxg4 Qxg4+ 13. Kf1 Qh3+ 14. Ke2 Bh5 15. Ke3 Nd4 16. Rh1 Qg4 17. Rg1 Qd7 18. Rg3 g6 19. c3 Bh6+ 20. Ng5 Bxd1 21. cxd4 Bxg5+ 22. Rxg5 Qh3+ 23. Kd2 Qf1 24. dxe5 Qe2+ 25. Kc3 Qc2# 0-1

[Event "Vienna Championship-C 2022"]
[Site "Vienna"]
[Date "2022.09.25"]
[Round "9.2"]
[White "Meixner, Peter"]
[Black "Lappe, Manfred"]
[Result "1/2-1/2"]
[ECO "D58"]
[WhiteElo "1669"]
[BlackElo "1692"]
[Annotator "NA RC COMBH"]
[PlyCount "81"]
[EventDate "2022.09.17"]
[EventType "swiss"]
[EventCountry "AUT"]
[SourceTitle "playchess.com"]
[Source "ChessBase"]
[SourceQuality "1"]
[TimeControl "5400+30"]

1. d4 d5 2. c4 e6 3. Nc3 Nf6 4. Bg5 Be7 5. e3 b6 6. Nf3 Bb7 7. Rc1 Nbd7 8. Bd3 h6 9. Bh4 c5 10. O-O O-O 11. cxd5 Nxd5 12. Bxe7 Qxe7 13. Nxd5 Bxd5 14. Bb1 Rac8 15. e4 Bb7 16. Re1 cxd4 17. Qxd4 e5 18. Qe3 Nc5 19. b4 Nd7 20. a3 Qe6 21. Qe2 Nf6 22. Ba2 Qe7 23. Nd2 Qd7 24. Bb1 Rc7 25. Rxc7 Qxc7 26. Qc4 Rc8 27. Ba2 Qxc4 28. Bxc4 Nxe4 29. Nxe4 Rxc4 30. Nd6 Rc7 31. Nxb7 Rxb7 32. Rxe5 Kf8 33. Kf1 Rc7 34. Ke2 Rc2+ 35. Kf3 f6 36. Re3 Kf7 37. g4 g5 38. Rd3 Ke7 39. b5 Rc5 40. Rb3 Rc4 41. h3 1/2-1/2